 Dungeon Crawl Stone Soup version 0.29-a0-1027-gcd8c55af63 (webtiles) character file.

Game seed: 1300164611700232159

347 Manisian the Conjurer (level 6, 24/24 HPs)
             Began as a Felid Conjurer on Aug 13, 2022.
             Quit the game on level 5 of the Dungeon.
             The game lasted 00:16:09 (5900 turns).

Manisian the Conjurer (Felid Conjurer)              Turns: 5900, Time: 00:16:10

Health: 24/24      AC:  2    Str:  3    XL:     6   Next: 33%
Magic:  14/14      EV: 17    Int: 21    God:
Gold:   196        SH:  0    Dex: 15    Spells: 2/14 levels left
                                        Lives:  0   Deaths: 2

rFire   . . .      SeeInvis +   (weapon unavailable)
rCold   . . .      Faith    .   (shield unavailable)
rNeg    . . .      Spirit   .   (body armour unavailable)
rPois   .          Reflect  .   (helmet unavailable)
rElec   .          Harm     .   (cloak unavailable)
rCorr   .          Rampage  .   (gloves unavailable)
Will    .....                   (boots unavailable)
Stlth   +++.......              (no amulet)
HPRegen 0.08/turn               (no ring)
MPRegen 0.14/turn               (no ring)

@: quick
A: very small, claws 1, fangs 3, see invisible, speed 1, shaggy fur 2, stealthy
paws, no weapons or thrown items, no armour, multi-lived
a: no special abilities


You were on level 5 of the Dungeon.
You visited 1 branch of the dungeon, and saw 5 of its levels.

You collected 196 gold pieces.

Inventory:

Jewellery
 f - a ring of ice
 g - an amulet of faith
Wands
 i - a wand of flame (15)
Scrolls
 k - 2 scrolls of teleportation
Potions
 a - a potion of magic
 b - 2 potions of attraction {unknown}
 c - a potion of invisibility {unknown}
 d - 2 potions of curing
 e - a potion of haste {unknown}
 h - a potion of resistance {unknown}
 j - 3 potions of heal wounds {unknown}
 l - a potion of berserk rage {unknown}
 m - a potion of lignification {unknown}


   Skills:
 + Level 3.3 Dodging
 + Level 4.1 Stealth
 - Level 0.2 Unarmed Combat
 + Level 4.9 Spellcasting
 + Level 6.2 Conjurations
 * Level 2.6 Hexes


You had 2 spell levels left.
You knew the following spells:

 Your Spells              Type           Power      Damage    Failure   Level
a - Magic Dart            Conj           100%       1d8       1%          1
b - Searing Ray           Conj           62%        2d6       1%          2
c - Dazzling Flash        Conj/Hex       46%        N/A       5%          3
d - Ensorcelled Hibernat  Hex/Ice        20%        N/A       10%         2
e - Fulminant Prism       Conj/Hex       11%        3d9       17%         4

Your spell library contained the following spells:

 Spells                   Type           Power      Damage    Failure   Level
 Iskenderun's Mystic Bla  Conj/Tloc      18%        2d6       30%         4
 Spider Form              Tmut/Pois      5%         N/A       32%         3
 Anguish                  Hex/Necr       5%         N/A       52%         4


Dungeon Overview and Level Annotations

Branches:
Dungeon (5/15)
 Temple: D:4-7

Altars:
Nemelex Xobeh

Shops:
D:1 [   D:2 :


Innate Abilities, Weirdness & Mutations

You have sharp claws.
You have razor-sharp teeth.
You have supernaturally acute eyesight. (SInv)
You cover ground quickly. (Speed+)
You are covered in thick fur. (AC +2)
Your paws help you pounce on unaware monsters.
You are incapable of wielding weapons or throwing items.
You cannot wear armour.
You gain extra lives every three experience levels.


Message History

The gnoll sergeant misses you.
Casting: Searing Ray (safe; 1% risk of failure)
Confirm with . or Enter, or press ? or * to list all spells.
The spell is extremely dangerous to miscast (17% risk of failure)!
Continue anyway?
Aiming: Fulminant Prism (extremely dangerous; 17% risk of failure)
Press: ? - help, Dir - move target You miscast Fulminant Prism.
You are very lightly contaminated with residual magic.
Waves of light ripple over your body.
You feel yourself slow down.
Found a stone staircase leading down.
You feel yourself speed up.
Your magical contamination has completely faded away.
There is a stone staircase leading down here.
Casting: Fulminant Prism (extremely dangerous; 17% risk of failure)
Confirm with . or Enter, or press ? or * to list all spells.
The spell is extremely dangerous to miscast (17% risk of failure)!
Continue anyway?
Aiming: Fulminant Prism (extremely dangerous; 17% risk of failure)
Press: ? - help, Dir - move target You conjure a prism of explosive energy!
A fulminant prism comes into view.
The gnoll sergeant hits your fulminant prism with a +0 trident!
Your fulminant prism detonates feebly.
Casting: Fulminant Prism (extremely dangerous; 17% risk of failure)
Confirm with . or Enter, or press ? or * to list all spells.
The spell is extremely dangerous to miscast (17% risk of failure)!
Continue anyway?
Aiming: Fulminant Prism (extremely dangerous; 17% risk of failure)
Press: ? - help, Dir - move target You conjure a prism of explosive energy!
A fulminant prism comes into view.
Your fulminant prism crackles loudly.
Your fulminant prism explodes!
The blast of energy engulfs you!
Ouch! That really hurt!
You die...
You hear an angry hiss.
You hear a shout!
You are now level 6!
You rejoin the land of the living...
Found 2 black potions and 6 stones.
Unknown command.
Are you sure you want to abandon this character and quit the game? (Confirm with "yes".)

##########.
#########..........
.....gg.g..†..#
#######.#.###.# #
.....# # # #
#.....###. #
#.....##..!### ..
#............@#
..##......##...#.#
#.##......###. #(.
. # ###. ## .. ##


There were no monsters in sight!

Vanquished Creatures
  Grinder (D:4)
  Blork the orc (D:4)
  2 jellies (D:4)
  A hound (D:4)
  An orc priest (D:4)
  Natasha (thrice) (D:4)
  2 orc wizards (D:4)
  8 gnolls
  4 adders
  A worm (D:2)
  2 dart slugs
  6 orcs
  6 bats
  5 endoplasms
  4 giant cockroaches
  7 hobgoblins
  7 jackals
  A quokka (D:3)
  9 ball pythons
  A frilled lizard (D:1)
  9 goblins
  4 kobolds
  13 rats
98 creatures vanquished.

Vanquished Creatures (others)
  2 fulminant prisms (D:5)
2 creatures vanquished.

Grand Total: 100 creatures vanquished

Notes
Turn   | Place    | Note
-------+----------+-------------------------------------------
     0 | D:1      | Manisian the Felid Conjurer began the quest for the Orb.
     0 | D:1      | Reached XP level 1. HP: 7/7 MP: 4/4
   320 | D:1      | Reached skill level 4 in Conjurations
   328 | D:1      | Reached XP level 2. HP: 11/11 MP: 0/6
   441 | D:1      | Learned a level 2 spell: Searing Ray
  1234 | D:1      | Found Zeeniaz's Antique Armour Emporium.
  1538 | D:1      | Reached XP level 3. HP: 14/14 MP: 4/7
  2193 | D:2      | Found Qih Qi Bun's Vocational Training.
  2790 | D:3      | Learned a level 3 spell: Dazzling Flash
  2811 | D:3      | Reached XP level 4. HP: 18/18 MP: 4/8
  3228 | D:3      | Slain by a goblin
  3229 | D:3      | Reached XP level 3. HP: 0/14 MP: 7/7
  3238 | D:3      | Reached skill level 1 in Hexes
  3406 | D:3      | Found a faded altar of an unknown god.
  3771 | D:4      | Reached XP level 4. HP: 18/18 MP: 3/9
  4026 | D:3      | Learned a level 2 spell: Ensorcelled Hibernation
  4050 | D:4      | Reached skill level 5 in Conjurations
  4121 | D:4      | Identified the +0 robe of the Nexus {*Slow rElec Dex+3}
  4140 | D:4      | Noticed Natasha
  4145 | D:4      | Killed Natasha
  4146 | D:4      | Reached XP level 5. HP: 9/21 MP: 4/10
  4730 | D:4      | Noticed Grinder
  4757 | D:4      | Killed Grinder
  4758 | D:4      | Gained mutation: You are covered in thick fur. (AC +2)
                  | [Felid growth]
  4758 | D:4      | Reached XP level 6. HP: 24/24 MP: 2/13
  4983 | D:4      | Noticed Natasha
  4990 | D:4      | Killed Natasha
  5155 | D:4      | Noticed Natasha
  5162 | D:4      | Killed Natasha
  5238 | D:4      | Noticed Blork the orc
  5249 | D:4      | Killed Blork the orc
  5250 | D:4      | Reached skill level 6 in Conjurations
  5250 | D:4      | Reached XP level 7. HP: 19/27 MP: 1/15
  5338 | D:4      | Learned a level 4 spell: Fulminant Prism
  5383 | D:4      | Found a sparkling altar of Nemelex Xobeh.
  5761 | D:5      | Entered Level 5 of the Dungeon
  5899 | D:5      | Killed by an exploding fulminant prism
  5900 | D:5      | Reached XP level 6. HP: -8/24 MP: 1/14
  5900 | D:5      | Quit the game

Illustrated notes

Levels and vault maps discovered:
D:1:      lightli_arrival_noodles, layout_basic, serial_shops, shop
D:2:      layout_rooms, nicolae_shop_vocational
D:3:      layout_rooms, basic_ecumenical_altar, minmay_circle_x
D:4:      layout_gridville, mainiacjoe_overflow_alcove_4, grunt_ministairs_7,
          uniq_blork_the_orc, uniq_grinder, uniq_natasha
D:5:      layout_loops_ring, minmay_temple_entry_statues_fountains,
          gammafunk_ghost_necromancy, glass_columns_a, lightli_minifort

Skill      XL: |  1  2  3  4  5  6 |
---------------+-------------------+-----
Conjurations   | 4 5 6 |  6.2
Hexes          | 1 2 |  2.6
Stealth        | 3 4 |  4.1
Spellcasting   | 3 4 |  4.9
Dodging        | 3 |  3.3
Unarmed Combat | |  0.2

Action                   |  1- 3 |  4- 6 |  7- 9 || total
-------------------------+-------+-------+-------++-------
Melee: Unarmed           |    27 |    10 |       ||    37
       Bite              |     1 |     1 |       ||     2
 Cast: Magic Dart        |   106 |    56 |     5 ||   167
       Searing Ray       |     2 |    16 |     7 ||    25
       Ensorcelled Hiber |       |     1 |       ||     1
       Fulminant Prism   |       |       |     2 ||     2
       Dazzling Flash    |       |       |     1 ||     1
  Use: Scroll            |     6 |       |     2 ||     8
       Potion            |       |     1 |       ||     1
 Stab: Sleeping          |     1 |       |       ||     1
Armor: Skin              |     5 |     3 |       ||     8
Dodge: Dodged            |    31 |    24 |    14 ||    69

Table legend: (Time is in decaauts)
 A = Elapsed time spent in this place.
 B = Non-inter-level travel time spent in this place.
 C = Inter-level travel time spent in this place.
 D = Time resting spent in this place.
 E = Time spent auto-exploring this place.
 F = Levels seen in this place.
 G = Mean time per level.
                   A        B        C        D        E       F      G
               +--------+--------+--------+--------+--------+-----+--------+
         Total |   5393 |   5095 |    298 |   2347 |   1634 |   5 | 1078.6 |
       Dungeon |   5393 |   5095 |    298 |   2347 |   1634 |   5 | 1078.6 |
               +--------+--------+--------+--------+--------+-----+--------+

Top non-repeatable levels by time:
     D:4: 1806 daAuts
     D:1: 1647 daAuts
     D:2: 964 daAuts
     D:3: 886 daAuts
     D:5: 88 daAuts
